 Dungeon Crawl Stone Soup version 0.24.0-13-gcf9b3192b9 (webtiles) character file.

Game seed: 7956681784234327989, levelgen mode: deterministic

19030 Amplified the Grappler (level 12, -1/123 HPs)
             Began as a Troll Transmuter on Nov 5, 2019.
             Was a Priest of Cheibriados.
             Slain by an orc warrior
             ... wielding a +0 short sword
              (13 damage)
             ... on level 2 of the Orcish Mines.
             The game lasted 00:16:25 (11437 turns).

Amplified the Grappler (Troll Transmuter)          Turns: 11437, Time: 00:16:26

Health: -1/123     AC:  8    Str: 33    XL:     12   Next: 32%
Magic:  4/17       EV: 16    Int: 17    God:    Cheibriados [***...]
Gold:   1686       SH:  0    Dex: 21    Spells: 11/13 levels left

rFire    . . .     SeeInvis .     - Unarmed
rCold    . . .     Gourm    +   (no shield)
rNeg     + . .     Faith    +   o - +2 robe {MR+}
rPois    .         Spirit   .   (helmet restricted)
rElec    .         Reflect  .   (no cloak)
rCorr    .         Harm     .   (gloves unavailable)
MR       +....                  (boots unavailable)
Stlth    ++........             p - amulet of faith
HPRegen  0.70/turn              n - +3 ring of dexterity
MPRegen  0.15/turn              w - ring of positive energy

@: very slightly contaminated, very slow
A: large, unfitting armour, claws 3, fast metabolism 3, gourmand, regeneration
1, shaggy fur 1, tough skin 3
a: Bend Time, Temporal Distortion, Renounce Religion


You were on level 2 of the Orcish Mines.
You worshipped Cheibriados.
Cheibriados was most pleased with you.
You were not hungry.

You visited 3 branches of the dungeon, and saw 16 of its levels.
You also visited: Ossuary.

You collected 1686 gold pieces.

Inventory:

Missiles
 a - 235 arrows
 e - 30 poisoned darts
 v - 2 atropa-tipped darts
 F - 3 large rocks (quivered)
Armour
 o - a +2 robe of magic resistance (worn)
Jewellery
 h - a +1 ring of evasion
 n - a +3 ring of dexterity (left claw)
 p - an amulet of faith (around neck)
 w - a ring of positive energy (right claw)
 B - an uncursed ring of fire
 E - an uncursed ring of ice
Wands
 q - a wand of flame (27)
 x - a wand of digging (2)
 D - a wand of polymorph (10)
Scrolls
 b - a scroll of silence
 f - 5 scrolls of teleportation
 k - a scroll of amnesia
 s - 7 scrolls of remove curse
 y - a scroll of fog
 C - a scroll of holy word
Potions
 c - a potion of lignification
 g - a potion of might
 i - 2 potions of cancellation
 j - 3 potions of brilliance
 l - 3 potions of agility
 m - 3 potions of mutation
 r - 3 potions of curing
 t - a potion of resistance
 u - a potion of ambrosia {unknown}
Comestibles
 d - 15 rations


   Skills:
 * Level 9.2 Fighting
 * Level 8.4 Dodging
 * Level 11.2 Unarmed Combat
 - Level 1.2 Spellcasting
 - Level 1.3 Transmutations
 * Level 9.0 Invocations


You had 11 spell levels left.
You knew the following spells:

 Your Spells              Type           Power        Failure   Level  Hunger
a - Beastly Appendage     Tmut           #.....       12%         1    ##.....
b - Confusing Touch       Hex            #.....       22%         1    ##.....

Your spell library contained the following spells:

 Spells                   Type           Power        Failure   Level  Hunger
 Sticks to Snakes         Tmut           #.......     19%         2    ###....
 Summon Butterflies       Summ           #.......     22%         1    ##.....
 Summon Small Mammal      Summ           #...         22%         1    ##.....
 Call Imp                 Summ           #.......     32%         2    ###....
 Spider Form              Tmut/Pois      #.........   43%         3    ####...
 Call Canine Familiar     Summ           #.......     54%         3    ####...
 Confuse                  Hex            #.......     54%         3    ####...
 Gell's Gravitas          Tloc           #.........   54%         3    ####...
 Summon Guardian Golem    Hex/Summ       #.......     54%         3    ####...
 Ice Form                 Ice/Tmut       #.......     83%         4    #####..
 Petrify                  Tmut/Erth      #.......     83%         4    #####..
 Summon Ice Beast         Ice/Summ       #.......     91%         4    #####..
 Summon Lightning Spire   Summ/Air       #.......     91%         4    #####..
 Blade Hands              Tmut           #.........   97%         5    ######.
 Metabolic Englaciation   Hex/Ice        #.........   99%         5    ######.
 Summon Mana Viper        Hex/Summ       #.......     99%         5    ######.
 Yara's Violent Unravell  Hex/Tmut       #.........   99%         5    ######.
 Summon Hydra             Summ           #.........   100%        7    #######


Dungeon Overview and Level Annotations

Branches:
Dungeon (13/15)            Temple (1/1) D:4             Orc (2/2) D:9
    Elf (0/3) Orc:2       Ossuary (visited)
   Lair: D:8-11      Vaults: D:13-14

Altars:
Ashenzari
Cheibriados
Dithmenos
Elyvilon
Fedhas
Gozag
Hepliaklqana
Kikubaaqudgha
Makhleb
Nemelex Xobeh
Okawaru
Qazlal
Ru
Sif Muna
Trog
Uskayaw
Vehumet
Wu Jian
Xom
Yredelemnul
Zin
The Shining One
Beogh

Shops:
D:4 [   D:12 (

Annotations:
D:4 Save Scales


Innate Abilities, Weirdness & Mutations

You are too large for most types of armour.
You have claws for hands.
Your metabolism is lightning-fast.
You like to eat raw meat.
Your natural rate of healing is unusually fast.
You are covered in fur. (AC +1)
You have extremely tough skin. (AC +3)


Message History

Okay, then.
Evoke which item? (* to show all) (? for menu, Esc to quit)
Okay, then.
Quiver which item? (- for none, * to show all) (? for menu, Esc to quit)
Quivering
F - 4 large rocks for throwing.
Unknown command.
Evoke which item? (* to show all) (? for menu, Esc to quit)
Okay, then.
Okay, then.
You warp the flow of time around you!
You feel somewhat more hungry.
Throwing (i - inventory. (/) - cycle)
F - 4 large rocks (quivered)
Press: ? - help, Shift-Dir - straight line, f - orc warrior
Aim: an orc warrior, wielding a +0 short sword and wearing a +0 chain mail (severely wounded, unusually strong)
You throw a large rock.
The large rock closely misses the orc warrior.
The large rock hits the orc warrior!!
You kill the orc warrior!
Cheibriados thoroughly appreciates the change of pace.
The orc warrior hits you with a +0 short sword!
You die...

##...#..#.##.#....
#####........... ##
##........#..# #(#
##.......#... #.#
#........... #.#
##.........# #.#
#..........#. #.##
##..........
#@####.#........#
##o#....#.......##
#####(.............#
###.#..(o............(
###........>.....^...§§§
##........#.(............
###.............).....§.o..
##...........#(...().§.....(
#....#.#.....#........§.....


You could see an orc knight and an orc warrior.

Vanquished Creatures
  Snorg (D:10)
  Fannar (D:11)
  5 two-headed ogres
  A centaur warrior (Orc:2)
  An ogre mage (Orc:1)
  2 wizards (D:12)
  4 deep elf magi (D:12)
  A gargoyle (D:11)
  A kobold demonologist (D:12)
  4 trolls
  A hornet (D:11)
  2 hippogriffs (D:11)
  A wraith (Ossuary)
  2 wyverns
  2 hungry ghosts
  Menkaure (D:5)
  A warg (Orc:1)
  A soldier ant (shapeshifter) (D:13)
  2 water moccasins
  An acid dragon (D:12)
  A porcupine (D:11)
  3 ice beasts
  12 orc warriors
  4 sky beasts
  2 black bears
  5 phantoms
  9 centaurs
  8 ogres
  A crocodile (D:10)
  2 big kobolds
  10 bullfrogs
  3 scorpions
  8 killer bees
  9 wights
  5 howler monkeys
  2 crimson imps
  A bullfrog zombie (D:6)
  11 hounds
  2 jellies
  A bullfrog skeleton (D:5)
  5 orc priests
  Natasha (twice) (D:3)
  6 worker ants
  2 iguanas
  5 orc wizards
  2 mummies
  3 gnolls (D:5)
  8 adders
  4 shadow imps
  3 oozes
  An adder zombie (D:7)
  2 worms
  A dart slug (D:2)
  6 leopard geckos
  51 orcs
  10 bats
  3 giant cockroaches
  5 goblins
  12 hobgoblins
  9 jackals
  4 quokkas
  A ball python (D:2)
  A ball python skeleton (D:5)
  5 frilled lizards
  6 gnoll skeletons (Ossuary)
  2 hobgoblin zombies (D:8)
  8 kobolds
  7 kobold skeletons (Ossuary)
  11 orc skeletons (Ossuary)
  A quokka skeleton (D:6)
  6 rats
326 creatures vanquished.

Vanquished Creatures (others)
  3 fungi (D:11)
3 creatures vanquished.

Grand Total: 329 creatures vanquished

Notes
Turn   | Place    | Note
-------+----------+-------------------------------------------
     0 | D:1      | Amplified the Troll Transmuter began the quest for the Orb.
     0 | D:1      | Reached XP level 1. HP: 18/18 MP: 1/1
    23 | D:1      | Reached skill level 1 in Fighting
    66 | D:1      | Reached XP level 2. HP: 27/27 MP: 2/2
   398 | D:2      | Reached XP level 3. HP: 35/35 MP: 3/3
   667 | D:2      | Reached skill level 4 in Unarmed Combat
   745 | D:2      | Found an opulent altar of Gozag.
   805 | D:2      | Found a white marble altar of Elyvilon.
   903 | D:2      | Found a shimmering blue altar of Sif Muna.
  1116 | D:3      | Noticed Natasha
  1126 | D:3      | Killed Natasha
  1126 | D:3      | Reached XP level 4. HP: 41/44 MP: 4/4
  1190 | D:2      | Found a sacrificial altar of Ru.
  1190 | D:2      | Found a shattered altar of Ashenzari.
  1190 | D:2      | Found a glowing silver altar of Zin.
  1201 | D:2      | Found a blossoming altar of Fedhas.
  1294 | D:2      | Reached XP level 5. HP: 52/52 MP: 5/5
  1370 | D:3      | Noticed Natasha
  1376 | D:3      | Killed Natasha
  1922 | D:4      | Reached skill level 5 in Unarmed Combat
  1939 | D:4      | Reached XP level 6. HP: 41/61 MP: 6/6
  2040 | D:4      | Found Muguxyxo's Antique Armour Boutique.
  2147 | D:4      | Found a staircase to the Ecumenical Temple.
  2157 | Temple   | Entered the Ecumenical Temple
  2343 | Temple   | Became a worshipper of Cheibriados the Contemplative
  2713 | D:4      | Found a burning altar of Makhleb.
  3014 | D:5      | Entered Level 5 of the Dungeon
  3087 | D:5      | Reached skill level 1 in Invocations
  3246 | D:5      | Reached XP level 7. HP: 70/70 MP: 7/7
  3404 | D:5      | Reached skill level 6 in Unarmed Combat
  3679 | D:5      | Found a stormy altar of Qazlal.
  3682 | D:5      | Found an ancient bone altar of Kikubaaqudgha.
  3685 | D:5      | Found a glowing golden altar of the Shining One.
  3750 | D:5      | Noticed Menkaure
  3752 | D:5      | Reached XP level 8. HP: 77/79 MP: 9/9
  3761 | D:5      | Killed Menkaure
  3762 | D:5      | Reached * piety under Cheibriados
  3850 | D:5      | Noticed a troll
  4047 | D:5      | Killed a troll
  4047 | D:5      | Reached skill level 5 in Fighting
  4291 | D:6      | Reached skill level 7 in Unarmed Combat
  4511 | D:6      | Found a shimmering altar of Xom.
  4946 | D:6      | Found a hazy altar of Hepliaklqana.
  4977 | D:6      | Reached XP level 9. HP: 85/88 MP: 11/11
  5222 | D:7      | Reached ** piety under Cheibriados
  5851 | D:8      | Reached skill level 5 in Invocations
  5985 | D:8      | Reached skill level 5 in Dodging
  5985 | D:8      | Reached skill level 8 in Unarmed Combat
  6093 | D:8      | Found a sand-covered staircase.
  6121 | Ossuary  | Entered an ossuary
  6135 | Ossuary  | Reached *** piety under Cheibriados
  6907 | D:9      | Reached **** piety under Cheibriados
  6935 | D:9      | Found a staircase to the Orcish Mines.
  6987 | D:9      | Reached XP level 10. HP: 100/100 MP: 13/13
  7058 | D:9      | Learned a level 1 spell: Confusing Touch
  7546 | D:10     | Entered Level 10 of the Dungeon
  7560 | D:10     | Noticed Snorg
  7561 | D:10     | Reached ***** piety under Cheibriados
  7577 | D:10     | Killed Snorg
  7656 | D:10     | Reached skill level 9 in Unarmed Combat
  8410 | D:11     | Noticed a gargoyle
  8422 | D:11     | Killed a gargoyle
  8617 | D:11     | Noticed Fannar
  8636 | D:11     | Killed Fannar
  8693 | D:11     | Reached XP level 11. HP: 110/110 MP: 15/15
  8783 | D:11     | Noticed a six-headed hydra
  9046 | D:12     | Identified a scroll of acquirement
  9100 | D:12     | Noticed a two-headed ogre
  9105 | D:12     | Killed a two-headed ogre
  9243 | D:12     | Noticed a wizard
  9243 | D:12     | Noticed a deep elf mage
  9250 | D:12     | Paralysed by a wizard for 6 turns
  9254 | D:12     | Noticed a deep elf mage
  9260 | D:12     | Killed a wizard
  9260 | D:12     | Reached skill level 10 in Unarmed Combat
  9264 | D:12     | Killed a deep elf mage
  9266 | D:12     | Noticed a deep elf mage
  9272 | D:12     | Noticed a deep elf mage
  9275 | D:12     | Killed a deep elf mage
  9283 | D:12     | Killed a deep elf mage
  9283 | D:12     | Killed a deep elf mage
  9391 | D:12     | Noticed a wizard
  9400 | D:12     | Killed a wizard
  9517 | D:12     | Found the +12 glaive of Prune {chop}
  9686 | D:12     | Found Vocu's Weapon Shoppe.
  9702 | D:12     | Noticed a sun demon
 10127 | Orc:1    | Entered Level 1 of the Orcish Mines
 10169 | Orc:1    | Noticed an ogre mage
 10170 | Orc:1    | Noticed a two-headed ogre
 10170 | Orc:1    | Noticed a two-headed ogre
 10171 | Orc:1    | Noticed a two-headed ogre
 10181 | Orc:1    | Killed a two-headed ogre
 10181 | Orc:1    | Killed a two-headed ogre
 10182 | Orc:1    | Killed an ogre mage
 10185 | Orc:1    | Killed a two-headed ogre
 10185 | Orc:1    | Reached XP level 12. HP: 64/122 MP: 3/17
 10449 | Orc:1    | Found a roughly hewn altar of Beogh.
 10856 | Orc:2    | Entered Level 2 of the Orcish Mines
 10900 | Orc:2    | Noticed a two-headed ogre
 10908 | Orc:2    | Killed a two-headed ogre
 10908 | Orc:2    | Reached skill level 11 in Unarmed Combat
 11279 | Orc:2    | Found a staircase to the Elven Halls.
 11394 | Orc:2    | Noticed a centaur warrior
 11402 | Orc:2    | Killed a centaur warrior
 11434 | Orc:2    | HP: 5/123 [orc knight/bolt (23)]
 11437 | Orc:2    | Slain by an orc warrior

Levels and vault maps discovered:
D:1:      beargit_arrival_greenhouse, layout_basic, minivault_11
D:2:      layout_loops_cross, lemuel_doored_altar,
          nicolae_overflow_hidden_temple, grunt_gozag_statues
D:3:      layout_basic, uniq_natasha
D:4:      layout_layer_cave, makhleb_blood_cavern_becter, temple_statues,
          serial_shops, nicolae_shop_window_shopping, first_ration
D:5:      layout_basic, grunt_temple_overflow_diamond, guppyfry_early_lair_pool,
          uniq_menkaure
D:6:      layout_loops_corners, xom_teletrap_fun, lemuel_coloured_pillars_altar,
          minivault_25
D:7:      layout_loops_cross
D:8:      layout_loops_cross, serial_glass, glass_columns_a, glass_columns_c,
          nicolae_ossuary_entry_giza
D:9:      layout_basic, david_orc_2
D:10:     layout_basic, uniq_snorg
D:11:     layout_layer_cave, grunt_lair_entry_orc_guard_hut,
          ploomutoo_gammafunk_ghost_potion_laboratory, uniq_fannar
D:12:     layout_roguey, serial_shops, shop, minmay_guarded_unrand_prune
D:13:     minmay_the_grid_four_pointed_star_mashed
          [minmay_the_grid_triangle_9x9_descending_squares,
          minmay_the_grid_triangle_9x9_from_above,
          minmay_the_grid_triangle_9x9_wacky_v,
          minmay_the_grid_triangle_9x9_zippers_horizontal,
          minmay_the_grid_prize_shrinking_boxes], layout_irregular_city
Temple:   jpeg_temple_island
Orc:1:    layout_diamond_mine, basic_altar
Orc:2:    st_orc_rangers, layout_diamond_mine

Skill      XL: |  1  2  3  4  5  6  7  8  9 10 11 12 |
---------------+-------------------------------------+-----
Fighting       | 1 2 3 4 5 6 7 8 9 |  9.2
Unarmed Combat | 4 5 6 7 8 9 10 11 | 11.2
Dodging        | 2 3 4 5 6 8 |  8.4
Invocations    | 1 2 4 5 7 8 9 |  9.0
Spellcasting   | |  1.2
Transmutations | |  1.3

Action                   |  1- 3 |  4- 6 |  7- 9 | 10-12 || total
-------------------------+-------+-------+-------+-------++-------
Melee: Unarmed           |    96 |   139 |   324 |   327 ||   886
       Punch             |       |     3 |    21 |    29 ||    53
Throw: Dart              |       |     2 |     1 |       ||     3
       Throwing net      |       |       |     1 |     1 ||     2
       Large rock        |       |       |       |     1 ||     1
 Cast: Confusing Touch   |       |       |       |     1 ||     1
Invok: Slouch            |       |       |       |    12 ||    12
       Temporal Distorti |       |       |       |     2 ||     2
       Bend Time         |       |       |       |     1 ||     1
Evoke: Wand              |       |       |     1 |     5 ||     6
  Use: Scroll            |     4 |     2 |    13 |    14 ||    33
       Potion            |     1 |     4 |     3 |     6 ||    14
 Stab: Sleeping          |     2 |       |     2 |     6 ||    10
       Invisible         |       |       |       |     4 ||     4
       Confused          |       |       |       |     2 ||     2
       Distracted        |       |       |       |     1 ||     1
  Eat: Chunk             |    12 |    16 |    17 |    35 ||    80
       Ration            |       |       |     2 |     1 ||     3
Armor: Robe              |    47 |    68 |    65 |    72 ||   252
Dodge: Dodged            |    60 |    98 |   180 |   264 ||   602
